 Dungeon Crawl Stone Soup version 0.29-a0-813-g4a14ea37d6 (webtiles) character file.

Game seed: 6177318767522831259

4242 zeratav the Skirmisher (level 10, 0/46 HPs)
             Began as a Spriggan Hunter on July 4, 2022.
             Was a Believer of Dithmenos.
             Slain by an orc knight
             ... wielding a +0 halberd
              (10 damage)
             ... in a bailey.
             The game lasted 00:19:31 (9070 turns).

zeratav the Skirmisher (Spriggan Hunter)            Turns: 9070, Time: 00:19:31

Health: 0/46       AC:  4    Str:  7    XL:     10   Next: 9%
Magic:  11/11      EV: 18    Int: 12    God:    Dithmenos [**....]
Gold:   373        SH:  0    Dex: 22    Spells: 9/9 levels left

rFire   . . .      SeeInvis +   a - +0 shortbow {bow}
rCold   + . .      Faith    .   (shield currently unavailable)
rNeg    . . .      Spirit   .   s - +2 robe {Archmagi}
rPois   .          Reflect  .   (helmet restricted)
rElec   .          Harm     .   g - scarf {repulsion}
rCorr   +          Rampage  .   (gloves unavailable)
Will    +....      Archmagi +   (boots unavailable)
Stlth   ++++......              (no amulet)
HPRegen 0.15/turn               v - ring of protection from cold
MPRegen 0.12/turn               w - ring of resist corrosion

@: wreathed by umbra, studying Ice Magic, repel missiles, very quick
A: very small, no large weapons, unfitting armour, see invisible, speed 3
a: Renounce Religion, Shadow Step


You were in a bailey.
You worshipped Dithmenos.
Dithmenos was pleased with you.
You visited 2 branches of the dungeon, and saw 9 of its levels.
You also visited: Bailey.

You collected 373 gold pieces.


Innate Abilities, Weirdness & Mutations

You are very small and have problems with some larger weapons.
You are too small for most types of armour.
You have supernaturally acute eyesight. (SInv)
You cover ground extremely quickly. (Speed+++)


   Skills:
 - Level 1.5 Fighting
 + Level 14.6 Ranged Weapons
 - Level 2.6 Dodging
 - Level 5.0 Stealth


You had 9 spell levels left.
You didn't know any spells.
Your spell library contained the following spells:

 Spells                   Type           Power      Damage    Failure   Level
 Magic Dart               Conj           0%         1d3       32%         1
 Shock                    Conj/Air       0%         1d3       32%         1
 Summon Small Mammal      Summ           0%         N/A       32%         1
 Searing Ray              Conj           0%         2d4       45%         2
 Call Canine Familiar     Summ           0%         N/A       69%         3
 Gell's Gravitas          Tloc           0%         N/A       69%         3
 Lesser Beckoning         Tloc           0%         N/A       69%         3
 Summon Guardian Golem    Hex/Summ       0%         N/A       69%         3
 Swiftness                Air            0%         N/A       69%         3
 Teleport Other           Tloc           0%         N/A       69%         3
 Airstrike                Air            0%         0-1+      97%         4
 Fulminant Prism          Conj/Hex       0%         3d6       97%         4
 Summon Ice Beast         Ice/Summ       0%         N/A       97%         4
 Summon Mana Viper        Hex/Summ       0%         N/A       100%        5
 Monstrous Menagerie      Summ           0%         N/A       100%        7

Inventory:

Hand Weapons
 a - a +0 shortbow (weapon) {bow}
 A - the +5 dagger "Gioss" {freeze, Str+3 Stlth-, short}
   (You found it on level 7 of the Dungeon)

   It freezes those it strikes, dealing additional cold damage.
   It can also slow down cold-blooded creatures.
   Str:       It affects your strength (+3).
   Stlth:     It makes you less stealthy.
Armour
 g - a scarf of repulsion (worn)
   (You found it on level 1 of the Dungeon)
 s - a +2 robe of the Archmagi (worn)
   (You found it on level 4 of the Dungeon)
 E - a +2 robe of cold resistance
   (You took it off Psyche on level 8 of the Dungeon)
Jewellery
 i - a +6 ring of intelligence
   (You found it on level 1 of the Dungeon)
 v - a ring of protection from cold (left hand)
   (You found it on level 5 of the Dungeon)
 w - a ring of resist corrosion (right hand)
   (You found it on level 7 of the Dungeon)
 y - a +6 ring of strength
   (You found it on level 6 of the Dungeon)
Wands
 B - a wand of iceblast (9)
   (You found it on level 7 of the Dungeon)
 G - a wand of mindburst (19)
   (You took it off Psyche on level 8 of the Dungeon)
Scrolls
 b - a scroll of immolation {!r!r}
 c - 2 scrolls of identify {@r1}
 d - 2 scrolls of fog
 h - a scroll of poison {!r}
 j - 2 scrolls of amnesia
 l - a scroll of enchant armour
 m - 2 scrolls of enchant weapon
 q - a scroll of blinking {unknown}
 z - a scroll of fear {unknown}
 C - a scroll of vulnerability {unknown}
 D - a scroll of magic mapping {unknown}
 I - a scroll of brand weapon {unknown}
Potions
 e - 2 potions of cancellation
 f - 2 potions of attraction {!q}
 k - 7 potions of curing {@q1}
 o - 3 potions of lignification {!q}
 p - 2 potions of heal wounds {@q2}
 r - 2 potions of mutation {unknown}
 t - a potion of brilliance {unknown}
 u - 2 potions of magic {unknown}
 x - a potion of might {unknown}

Dungeon Overview and Level Annotations

Branches:
Dungeon (8/15) Zot: 26482  Temple (1/1) D:5 Zot: 5905  Bailey (1/1) Zot: 5698
   Lair: D:8-11

Altars:
Ashenzari
Cheibriados
Dithmenos
Elyvilon
Gozag
Hepliaklqana
Kikubaaqudgha
Makhleb
Nemelex Xobeh
Okawaru
Ru
Sif Muna
Trog
Uskayaw
Vehumet
Wu Jian
Xom
Yredelemnul
Zin
The Shining One

#. #...o≈≈≈≈.........♣♣
#8.#...######.........♣
#..#...........)...∩).♣
#..'.........)....)...♣
#..'........)..)......♣
#o.#............)..∩..♣
#8 #...######.........♣
# #....≈≈≈≈..♣......♣♣
##...≈≈≈≈.@♣♣o..♣♣♣
#...≈≈≈≈...o.###
#..≈≈≈≈≈..####
##..≈≈≈≈...#
♣..≈≈≈≈≈..♣#
♣.≈≈≈≈≈..♣♣ ♣≈≈≈≈≈♣♣♣♣
♣≈≈≈≈≈♣ #######


You could see an orc knight.


Message History

Fire: a) +0 shortbow {bow}
Press: ? - help, Q - select action, (/) - cycle Shift-Dir - straight line, f/p - orc knight
Aim: an orc knight, wielding a +0 halberd and wearing a +0 chain mail (severely wounded, 67% to hit)
You shoot an arrow.
The arrow hits the orc knight but does no damage.
The orc hits you from afar with a +0 spear.
* * * LOW HITPOINT WARNING * * *
HP[-3]
You take 3 damage, and now have 15/46 hp.
Fire: a) +0 shortbow {bow}
Press: ? - help, Q - select action, (/) - cycle Shift-Dir - straight line, f/p - orc knight
Aim: an orc knight, wielding a +0 halberd and wearing a +0 chain mail (severely wounded, 67% to hit)
You shoot an arrow.
The arrow hits the orc knight but does no damage.
The orc barely misses you.
Fire: a) +0 shortbow {bow}
Press: ? - help, Q - select action, (/) - cycle Shift-Dir - straight line, f/p - orc knight
Aim: an orc knight, wielding a +0 halberd and wearing a +0 chain mail (severely wounded, 67% to hit)
You shoot an arrow. The arrow hits the orc knight.
HP[+1] Fire: a) +0 shortbow {bow}
Press: ? - help, Q - select action, (/) - cycle Shift-Dir - straight line, f/p - orc knight
Aim: an orc knight, wielding a +0 halberd and wearing a +0 chain mail (severely wounded, 67% to hit)
Okay, then.
Fire: a) +0 shortbow {bow}
Press: ? - help, Q - select action, (/) - cycle Shift-Dir - straight line, f/p - orc knight
Aim: an orc knight, wielding a +0 halberd and wearing a +0 chain mail (severely wounded, 67% to hit)
You shoot an arrow. The arrow hits the orc.
Fire: a) +0 shortbow {bow}
Press: ? - help, Q - select action, (/) - cycle Shift-Dir - straight line, f/p - orc knight
Aim: an orc knight, wielding a +0 halberd and wearing a +0 chain mail (severely wounded, 67% to hit)
You shoot an arrow. The arrow barely misses the orc knight.
Fire: a) +0 shortbow {bow}
Press: ? - help, Q - select action, (/) - cycle Shift-Dir - straight line, f/p - orc knight
Aim: an orc knight, wielding a +0 halberd and wearing a +0 chain mail (severely wounded, 67% to hit)
You shoot an arrow.
The arrow hits the orc knight but does no damage.
Fire: a) +0 shortbow {bow}
Press: ? - help, Q - select action, (/) - cycle Shift-Dir - straight line, f - you That would be overly suicidal.
Okay, then.
Fire: a) +0 shortbow {bow}
Press: ? - help, Q - select action, (/) - cycle Shift-Dir - straight line, f - orc knight
Aim: an orc knight, wielding a +0 halberd and wearing a +0 chain mail (severely wounded, 67% to hit)
You shoot an arrow.
The arrow hits the orc knight but does no damage.
HP[+1]
Things that are here:
a +0 trident {polearm}; a +0 chain mail Fire: a) +0 shortbow {bow}
Press: ? - help, Q - select action, (/) - cycle Shift-Dir - straight line, f/p - orc knight
Aim: an orc knight, wielding a +0 halberd and wearing a +0 chain mail (severely wounded, 67% to hit)
You shoot an arrow. The arrow hits the orc knight.
The orc no longer looks unusually strong.
Fire: a) +0 shortbow {bow}
Press: ? - help, Q - select action, (/) - cycle Shift-Dir - straight line, f/p - orc knight
Aim: an orc knight, wielding a +0 halberd and wearing a +0 chain mail (severely wounded, 67% to hit)
You shoot an arrow.
The arrow closely misses the orc knight.
The arrow hits the orc but does no damage.
Fire: a) +0 shortbow {bow}
Press: ? - help, Q - select action, (/) - cycle Shift-Dir - straight line, f/p - orc knight
Aim: an orc knight, wielding a +0 halberd and wearing a +0 chain mail (severely wounded, 67% to hit)
You shoot an arrow. The arrow hits the orc knight!
HP[+1] Fire: a) +0 shortbow {bow}
Press: ? - help, Q - select action, (/) - cycle Shift-Dir - straight line, f/p - orc knight
Aim: an orc knight, wielding a +0 halberd and wearing a +0 chain mail (almost dead, 67% to hit)
You shoot an arrow.
The arrow hits the orc knight but does no damage.
The orc knight hits you from afar with a +0 halberd!
* * * LOW HITPOINT WARNING * * *
HP[-9]
You take 9 damage, and now have 9/46 hp.
The orc knight roars a battlecry!
The orc goes into a battle-frenzy!
Things that are here:
a +1 mace {mace}; a +4 mace {mace} The orc misses you.
Fire: a) +0 shortbow {bow}
Press: ? - help, Q - select action, (/) - cycle Shift-Dir - straight line, f/p - orc knight
Aim: an orc knight, wielding a +0 halberd and wearing a +0 chain mail (almost dead, 67% to hit)
You shoot an arrow. The arrow hits the orc knight.
HP[+1] Fire: a) +0 shortbow {bow}
Press: ? - help, Q - select action, (/) - cycle Shift-Dir - straight line, f/p - orc knight
Aim: an orc knight, wielding a +0 halberd and wearing a +0 chain mail (almost dead, 67% to hit)
You shoot an arrow.
The arrow closely misses the orc knight.
Fire: a) +0 shortbow {bow}
Press: ? - help, Q - select action, (/) - cycle Shift-Dir - straight line, f/p - orc knight
Aim: an orc knight, wielding a +0 halberd and wearing a +0 chain mail (almost dead, umbra, 67% to hit)
Okay, then.
Fire: a) +0 shortbow {bow}
Press: ? - help, Q - select action, (/) - cycle Shift-Dir - straight line, f/p - orc knight
Aim: an orc knight, wielding a +0 halberd and wearing a +0 chain mail (almost dead, 67% to hit)
You shoot an arrow.
The arrow completely misses the orc knight.
The orc knight hits you from afar with a +0 halberd!
You die...

Skill      XL: |  1  2  3  4  5  6  7  8  9 |
---------------+----------------------------+-----
Ranged Weapons | 5 7 8 10 12 14 | 14.6
Stealth        | 3 5 |  5.0
Fighting       | |  1.5
Dodging        | |  2.6

Action                   |  1- 3 |  4- 6 |  7- 9 | 10-12 || total
-------------------------+-------+-------+-------+-------++-------
Melee: Unarmed           |       |       |     7 |       ||     7
 Fire: Shortbow          |   114 |    89 |   585 |    90 ||   878
Throw: Dart              |       |     6 |       |       ||     6
  Use: Scroll            |       |     4 |     8 |       ||    12
       Potion            |       |       |     1 |     2 ||     3
Armor: Robe              |    10 |     3 |    10 |       ||    23
       Skin              |       |       |     4 |       ||     4
Dodge: Dodged            |    53 |    22 |   177 |    17 ||   269
       Repelled          |       |       |     1 |       ||     1

Levels and vault maps discovered:
D:1:      spicycebolla_arrival_xxxplode, layout_basic,
          ebering_ecumenical_altar_sacrificial
D:2:      layout_rooms
D:3:      layout_basic, grunt_temple_overflow_bloody_war,
          nemelex_spade_bored_becter, grunt_temple_overflow_open, fountainhead,
          uniq_sigmund, uniq_grinder
D:4:      layout_loops_ring, uniq_robin
D:5:      layout_basic, minmay_temple_entry_antechambers,
          minmay_misc_feat_secret_circle
D:6:      layout_loops_cross, nicolae_overflow_squiral, minmay_manual_mail
D:7:      layout_rooms, minmay_unpleasant_kobolds
D:8:      layout_basic, chequers_temple_overflow_statue_of_worship,
          enter_bailey_7, uniq_psyche
Temple:   nicolae_temple_bog_church
Bailey:   bailey_polearm_elven_captive_hellmonk, bailey

Notes
Turn   | Place    | Note
-------+----------+-------------------------------------------
     0 | D:1      | zeratav the Spriggan Hunter began the quest for the Orb.
     0 | D:1      | Reached XP level 1. HP: 10/10 MP: 2/2
     0 | D:1      | magus.rc [v1.9.6]
   115 | D:1      | Reached XP level 2. HP: 9/14 MP: 3/3
   302 | D:1      | Found a faded altar of an unknown god.
   460 | D:1      | Reached skill level 5 in Ranged Weapons
   464 | D:1      | Reached XP level 3. HP: 18/18 MP: 4/4
   746 | D:1      | You fall into a shaft and drop 1 floor!
  1343 | D:2      | Reached XP level 4. HP: 22/22 MP: 5/5
  1355 | D:2      | You pick up a book of Conjurations {@e2} and begin
                  | reading...
  1355 | D:2      | You add the spells Magic Dart, Searing Ray and Fulminant
                  | Prism to your library.
  1666 | D:3      | HP: 2/22 [gnoll/+0 flail (14)]
  1991 | D:3      | Noticed Grinder
  2004 | D:3      | Killed Grinder
  2005 | D:3      | Reached skill level 7 in Ranged Weapons
  2005 | D:3      | Reached XP level 5. HP: 25/25 MP: 6/6
  2013 | D:3      | Reached XP level 6. HP: 28/30 MP: 7/7
  2056 | D:3      | Found a basalt altar of Yredelemnul.
  2236 | D:3      | Noticed Sigmund
  2271 | D:3      | Killed Sigmund
  2272 | D:3      | Reached skill level 8 in Ranged Weapons
  2583 | D:3      | You pick up a book of Beasts and begin reading...
  2583 | D:3      | You add the spells Summon Ice Beast, Summon Mana Viper and
                  | Monstrous Menagerie to your library.
  2765 | D:3      | Reached XP level 7. HP: 31/33 MP: 8/8
  2942 | D:3      | Found a sparkling altar of Nemelex Xobeh.
  3006 | D:3      | Found a shimmering blue altar of Sif Muna.
  3126 | D:3      | Found an iron altar of Okawaru.
  3126 | D:3      | Found a bloodstained altar of Trog.
  3274 | D:4      | Noticed Robin
  3323 | D:3      | Killed Robin
  3746 | D:4      | Reached skill level 9 in Ranged Weapons
  3869 | D:4      | Identified a +2 robe of the Archmagi
  4176 | D:5      | Entered Level 5 of the Dungeon
  4416 | D:5      | Found a staircase to the Ecumenical Temple.
  4425 | Temple   | Entered the Ecumenical Temple
  4558 | Temple   | Became a worshipper of Dithmenos the Shadowed
  5071 | D:5      | Identified a +0 crystal plate armour
  5072 | D:5      | w - a +0 crystal plate armour {rare=g}
  5268 | D:6      | Reached skill level 10 in Ranged Weapons
  5268 | D:6      | Reached skill level 3 in Stealth
  5304 | D:6      | Reached XP level 8. HP: 37/37 MP: 9/9
  5348 | D:6      | Reached skill level 5 in Stealth
  5351 | D:6      | You drop a +0 crystal plate armour {rare=g}.
  5376 | D:6      | w - a +0 crystal plate armour {rare=g}
  5530 | D:5      | You drop a +0 crystal plate armour {rare=g}.
  5611 | D:6      | HP: 7/35 [wight/+0 mace (5)]
  5932 | D:6      | Reached skill level 11 in Ranged Weapons
  6552 | D:6      | Found a hide-covered altar of Uskayaw.
  6555 | D:6      | Found an ornate altar of the Wu Jian Council.
  6692 | D:6      | Reached * piety under Dithmenos
  6824 | D:6      | You pick up a book of Callings and begin reading...
  6824 | D:6      | You add the spells Summon Small Mammal, Call Canine
                  | Familiar and Summon Guardian Golem to your library.
  6886 | D:6      | Reached skill level 12 in Ranged Weapons
  6886 | D:6      | Reached XP level 9. HP: 35/41 MP: 10/10
  7484 | D:7      | You pick up a book of Displacement and begin reading...
  7484 | D:7      | You add the spells Lesser Beckoning, Gell's Gravitas and
                  | Teleport Other to your library.
  7599 | D:7      | You pick up a book of Air and begin reading...
  7599 | D:7      | You add the spells Shock, Swiftness and Airstrike to your
                  | library.
  7658 | D:7      | Reached skill level 13 in Ranged Weapons
  7677 | D:7      | Identified the +5 dagger "Gioss" {freeze, Str+3 Stlth-}
  7858 | D:7      | Reached ** piety under Dithmenos
  8130 | D:8      | Noticed Psyche
  8290 | D:8      | Killed Psyche
  8291 | D:8      | Reached skill level 14 in Ranged Weapons
  8413 | D:8      | Found a glowing golden altar of the Shining One.
  8413 | D:8      | Found a glowing silver altar of Zin.
  8555 | D:8      | Found a flagged portal.
  8620 | D:8      | Reached XP level 10. HP: 37/46 MP: 11/11
  8632 | Bailey   | Entered a bailey
  8866 | Bailey   | Noticed an orc knight
  8908 | Bailey   | HP: 5/46 [orc warrior/+0 spear (14)]
  9053 | Bailey   | HP: 9/46 [orc knight/+0 halberd (9)]
  9070 | Bailey   | Slain by an orc knight

Vanquished Creatures
  Psyche (D:8)
  Grinder (D:3)
  Sigmund (D:3)
  A wraith (D:6)
  2 water moccasins (D:7)
  2 sky beasts
  2 ice beasts (D:6)
  4 orc warriors
  An ogre (D:6)
  4 centaurs
  4 kobold brigands
  A bullfrog (D:8)
  3 scorpions
  13 wights
  An electric eel (D:6)
  A howler monkey (D:6)
  5 hounds
  2 orc priests
  A jelly (D:7)
  A gnoll bouda (D:6)
  An orc wizard (D:6)
  6 iguanas
  Robin (D:3)
  20 gnolls
  7 adders
  A shadow imp (D:6)
  A white imp (D:7)
  An ufetubus (D:7)
  2 worms
  A dart slug (D:4)
  17 orcs
  8 bats
  8 endoplasms
  4 giant cockroaches
  16 goblins
  13 hobgoblins
  8 jackals
  6 quokkas
  9 ball pythons
  2 frilled lizards
  14 kobolds
  4 rats
201 creatures vanquished.

Vanquished Creatures (others)
  2 orcs
2 creatures vanquished.

Grand Total: 203 creatures vanquished

Table legend:
 A = Non-vault XP
 B = Vault XP
 C = Vault XP percentage of total XP
 D = Non-vault monster count
 E = Vault monster count
 F = Vault count percentage of total count
                 A         B        C        D         E       F
            +---------+---------+-------+---------+---------+-------
      Total |    4093 |    1968 |  32.5 |     168 |      34 |  16.8
            +---------+---------+-------+---------+---------+-------
        D:1 |      62 |       0 |   0.0 |      29 |       0 |   0.0
        D:2 |      38 |       0 |   0.0 |      18 |       0 |   0.0
        D:3 |     256 |     538 |  67.8 |      25 |      12 |  32.4
        D:4 |      64 |       4 |   5.9 |      20 |       2 |   9.1
        D:5 |     245 |       0 |   0.0 |      10 |       0 |   0.0
        D:6 |    1689 |     349 |  17.1 |      33 |       3 |   8.3
        D:7 |     908 |     290 |  24.2 |      14 |       6 |  30.0
        D:8 |     831 |     385 |  31.7 |      19 |       5 |  20.8
     Bailey |       0 |     402 | 100.0 |       0 |       6 | 100.0
            +---------+---------+-------+---------+---------+-------

Illustrated notes

Table legend:
 A = Kills in this place as a percentage of kills in entire the game.
 B = Kills by you in this place as a percentage of kills by you in the entire game.
 C = Kills by friends in this place as a percentage of kills by friends in the entire game.
 D = Other kills in this place as a percentage of other kills in the entire game.
 E = Experience gained in this place as a percentage of experience gained in the entire game.
 F = Experience gained in this place divided by the number of levels of this place that you have seen.
                   A       B       C       D       E      F
               +-------+-------+-------+-------+-------+----------------------
         Total | 100.0 | 100.0 |   N/A | 100.0 | 100.0 | 606.1
       Dungeon |  97.0 |  97.0 |   N/A | 100.0 |  93.4 | 707.4
        Bailey |   3.0 |   3.0 |   N/A |   0.0 |   6.6 | 402.0
               +-------+-------+-------+-------+-------+----------------------

Table legend: (Time is in decaauts)
 A = Elapsed time spent in this place.
 B = Non-inter-level travel time spent in this place.
 C = Inter-level travel time spent in this place.
 D = Time resting spent in this place.
 E = Time spent auto-exploring this place.
 F = Levels seen in this place.
 G = Mean time per level.
                   A        B        C        D        E       F      G
               +--------+--------+--------+--------+--------+-----+--------+
         Total |   6855 |   6718 |    137 |   1725 |   3115 |  10 |  685.5 |
       Dungeon |   6460 |   6343 |    117 |   1624 |   3047 |   8 |  807.5 |
        Temple |     94 |     75 |     19 |      0 |     67 |   1 |   94.0 |
        Bailey |    301 |    301 |      0 |    101 |      0 |   1 |  301.0 |
               +--------+--------+--------+--------+--------+-----+--------+

Top non-repeatable levels by time:
     D:6: 1706 daAuts
     D:3: 1169 daAuts
     D:1: 832 daAuts
     D:2: 673 daAuts
     D:5: 640 daAuts
     D:7: 612 daAuts
     D:4: 516 daAuts
     D:8: 308 daAuts
  Bailey: 301 daAuts
  Temple: 94 daAuts
